 Dungeon Crawl Stone Soup version 0.19.1 (webtiles) character file.

325 ChaseSP the Cudgeler (level 6, -7/37 HPs)
             Began as a Gargoyle Fighter on Nov 26, 2016.
             Killed by divine providence
             ... invoked by an orc priest
              (14 damage)
             ... on level 3 of the Dungeon.
             The game lasted 00:04:14 (1681 turns).

ChaseSP the Cudgeler (Gargoyle Fighter)             Turns: 1681, Time: 00:04:15

Health: -7/37      AC: 12    Str: 19    XL:     6   Next: 48%
Magic:  6/6        EV:  7    Int:  9    God:
Gold:   185        SH:  9    Dex: 11    Spells: 0 memorised, 5 levels left

rFire  . . .     SeeInvis .     a - +0 flail
rCold  . . .     Gourm    .     b - +0 scale mail
rNeg   + . .     Faith    .     c - +0 shield
rPois  ∞         Spirit   .     (no helmet)
rElec  +         Reflect  .     (no cloak)
rCorr  .         Harm     .     (no gloves)
MR     .....                    r - +0 pair of boots
Stlth  ..........               (no amulet)
                                (no ring)
                                (no ring)

@: no status effects
A: negative energy resistance 1, electricity resistance, unbreathing,
petrification resistance, rot immunity, AC +4
a: no special abilities


You were on level 3 of the Dungeon.
You were not hungry.

You visited 1 branch of the dungeon, and saw 3 of its levels.

You collected 185 gold pieces.

Inventory:

Hand Weapons
 a - a +0 flail (weapon)
Armour
 b - a +0 scale mail (worn)
 c - a +0 shield (worn)
 r - a +0 pair of boots (worn)
Jewellery
 m - an uncursed amulet of rage {unknown}
Scrolls
 g - 3 scrolls of teleportation {unknown}
 j - a scroll of immolation {unknown}
 k - a scroll of magic mapping {unknown}
 p - 3 scrolls of identify {unknown}
 t - a scroll of amnesia {unknown}
Potions
 d - a potion of degeneration {unknown}
 e - 2 potions of lignification {unknown}
 q - a potion of curing {unknown}
 s - 2 potions of cancellation {unknown}
Comestibles
 f - 2 bread rations
 h - a meat ration
 i - a slice of pizza
 l - 3 beef jerkies
 n - 6 fruits
 o - 2 chunks of flesh


   Skills:
 - Level 3.2 Fighting
 + Level 6.7 Maces & Flails
 - Level 3.2 Armour
 - Level 3.2 Shields


You had 5 spell levels left.
You didn't know any spells.

Dungeon Overview and Level Annotations

Branches:
Dungeon (3/15)

Altars:
Beogh


Innate Abilities, Weirdness & Mutations

You are resistant to torment.
Your stone body is resilient. (AC +4)
You are immune to poison.
You resist negative energy. (rN+)
You are resistant to electric shocks. (rElec)
You can survive without breathing.
You are immune to petrification.
You are immune to rotting.


Message History

The orc priest hits you but does no damage.
Your shield and scale mail prevent you from hitting the orc priest.
The orc priest is heavily wounded.
The orc barely misses you.
The orc priest mumbles some strange prayers to Beogh against you.
Beogh smites you!
Your shield and scale mail prevent you from hitting the orc priest.
The orc priest is heavily wounded.
The orc hits you but does no damage.
The orc priest calls down the wrath of Beogh upon you.
Beogh smites you!
* * * LOW HITPOINT WARNING * * *
You block the orc's attack.
Some of the chunks of flesh in your inventory have rotted away.
You hit the orc priest.
The orc priest is severely wounded.
The orc barely misses you.
The orc priest mumbles some strange prayers to Beogh against you.
Beogh smites you!
You die...

### _$## o8$# ... $$.#
....## o8$# .......####
..# ##. .
.........@##'##....
....<...ooo........
................... ..
...............#####..####
.............### #......
#...........## #......
...###.#.......# #......
###.....#..#..####......
#.#.####.....##.......


You could see an orc priest and 2 orcs.

Vanquished Creatures
  Grinder (D:3)
  Ijyb (D:3)
  3 gnolls
  3 adders
  2 worms (D:2)
  2 dart slugs
  A leopard gecko (D:3)
  3 giant cockroaches
  4 jackals (D:2)
  8 kobolds
  A quokka (D:3)
  3 ball pythons
  7 bats
  5 frilled lizards
  6 rats
50 creatures vanquished.

Notes
Turn   | Place    | Note
-------+----------+-------------------------------------------
     0 | D:1      | ChaseSP the Gargoyle Fighter began the quest for the Orb.
     0 | D:1      | Reached XP level 1. HP: 14/14 MP: 1/1
   151 | D:1      | Reached XP level 2. HP: 16/19 MP: 2/2
   439 | D:1      | Reached skill level 3 in Maces & Flails
   777 | D:2      | Reached XP level 3. HP: 23/23 MP: 3/3
  1121 | D:2      | Found a faded altar of an unknown god.
  1219 | D:2      | Reached skill level 4 in Maces & Flails
  1256 | D:3      | Reached XP level 4. HP: 27/28 MP: 4/4
  1260 | D:3      | Noticed Grinder
  1365 | D:3      | Paralysed by Grinder for 6 turns
  1375 | D:3      | Killed Grinder
  1375 | D:3      | Reached skill level 6 in Maces & Flails
  1375 | D:3      | Reached XP level 5. HP: 24/32 MP: 5/5
  1375 | D:3      | Reached XP level 6. HP: 28/37 MP: 6/6
  1491 | D:3      | Noticed Ijyb
  1547 | D:3      | Killed Ijyb
  1667 | D:3      | Found a roughly hewn altar of Beogh.
  1681 | D:3      | Killed from afar by an orc priest

Skill      XL: |  1  2  3  4 |
---------------+-------------+-----
Maces & Flails | 3 4 6 |  6.7
Fighting       | |  3.2
Armour         | |  3.2
Shields        | |  3.2

Action                   |  1- 3 |  4- 6 || total
-------------------------+-------+-------++-------
Melee: Flail             |   135 |    96 ||   231
  Use: Potion            |       |     1 ||     1
  Eat: Chunk             |     1 |     2 ||     3
Armor: Scale mail        |    57 |    96 ||   153
Dodge: Dodged            |    46 |    62 ||   108
Block: Shield            |    68 |    72 ||   140
